 Dungeon Crawl Stone Soup version 0.29-a0-643-ga013cefcf8 (webtiles) character file.

Game seed: 4700379296414938076

11 happo123 the Gusty (level 2, 0/15 HPs)
             Began as a Tengu Air Elementalist on June 19, 2022.
             Killed themself with a bounced zap (5 damage)
             ... on level 1 of the Dungeon.
             The game lasted 00:03:29 (176 turns).

happo123 the Gusty (Tengu Air Elementalist)          Turns: 176, Time: 00:03:29

Health: 0/15       AC:  2    Str:  8    XL:     2   Next: 25%
Magic:  3/6        EV: 12    Int: 15    God:
Gold:   36         SH:  0    Dex: 14    Spells: 2/5 levels left

rFire   . . .      SeeInvis .   e - +0 dagger
rCold   . . .      Faith    .   (no shield)
rNeg    . . .      Spirit   .   a - +0 robe
rPois   .          Reflect  .   (helmet restricted)
rElec   .          Harm     .   (no cloak)
rCorr   .          Rampage  .   (no gloves)
Will    .....                   (boots unavailable)
Stlth   ++........              (no amulet)
HPRegen 0.05/turn               (no ring)
MPRegen 0.10/turn               (no ring)

@: no status effects
A: beak, talons 3
a: no special abilities


You were on level 1 of the Dungeon.
You visited 1 branch of the dungeon, and saw 1 of its levels.

You collected 36 gold pieces.

Inventory:

Hand Weapons
 e - a +0 dagger (weapon)
Armour
 a - a +0 robe (worn)
Scrolls
 d - a scroll of identify {unknown}
Potions
 b - a potion of magic
 c - a potion of resistance {unknown}


   Skills:
 + Level 0.2 Fighting
 + Level 0.1 Short Blades
 + Level 2.3 Dodging
 + Level 2.1 Stealth
 + Level 2.0 Spellcasting
 * Level 2.0 Conjurations
 * Level 4.2 Air Magic


You had 2 spell levels left.
You knew the following spells:

 Your Spells              Type           Power      Damage    Failure   Level
a - Shock                 Conj/Air       40%        1d5       6%          1
b - Static Discharge      Conj/Air       10%        N/A       10%         2

Your spell library contained the following spells:

 Spells                   Type           Power      Damage    Failure   Level
 Swiftness                Air            14%        N/A       12%         3
 Airstrike                Air            7%         N/A       36%         4


Dungeon Overview and Level Annotations

Branches:
Dungeon (1/15)

Altars:


Innate Abilities, Weirdness & Mutations

You have a beak for a mouth.
You have claws for feet.


Message History

Aiming: Shock (safe; 6% risk of failure)
Press: ? - help, Q - select action, (/) - cycle Shift-Dir - straight line, f/p - jackal
Aim: a jackal (60% to hit)
The zap hits the jackal.
The jackal is heavily wounded.
The zap hits the jackal.
The jackal is heavily wounded.
The jackal barely misses you. The jackal attacks as you move away!
The jackal barely misses you. The jackal attacks as you move away!
The jackal bites you. The jackal attacks as you move away!
The jackal bites you but does no damage.
You hit the jackal. You peck the jackal, but do no damage.
The jackal is almost dead.
The jackal bites you. The jackal misses you.
You hit the jackal but do no damage.
The jackal is almost dead.
The jackal closely misses you. The jackal barely misses you.
The jackal bites you but does no damage.
The jackal bites you.
Aiming: Shock (safe; 6% risk of failure)
Press: ? - help, Q - select action, (/) - cycle Shift-Dir - straight line, f - jackal, p - jackal
Aim: a jackal (almost dead, 60% to hit)
Okay, then.
You barely miss the jackal. You claw the jackal.
You kill the jackal!
The jackal barely misses you.
Your Conjurations skill increases to level 2!
The jackal barely misses you. The jackal barely misses you.
Aiming: Shock (safe; 6% risk of failure)
Press: ? - help, Q - select action, (/) - cycle Shift-Dir - straight line, f/p - jackal
Aim: a jackal (heavily wounded, 60% to hit)
That beam is likely to hit you.
Continue anyway?
The zap hits the jackal but does no damage.
The jackal is heavily wounded.
The zap hits the jackal.
The jackal is severely wounded.
The zap hits you.
You die...

#...# #.# #...#
##.##
#...###...##
#...##.....##.#
#.†.#.........#
#...##.....####
#...#..†..##
##'##.#####
#.@h.# ######


You could see a jackal.

Vanquished Creatures
  A goblin (D:1)
  A hobgoblin (D:1)
  3 jackals (D:1)
  2 ball pythons (D:1)
  2 bats (D:1)
  A rat (D:1)
10 creatures vanquished.

Notes
Turn   | Place    | Note
-------+----------+-------------------------------------------
     0 | D:1      | happo123 the Tengu Air Elementalist began the quest for the
                  | Orb.
     0 | D:1      | Reached XP level 1. HP: 10/10 MP: 4/4
   122 | D:1      | Reached XP level 2. HP: 11/15 MP: 1/6
   125 | D:1      | Learned a level 2 spell: Static Discharge
   176 | D:1      | Killed themself with a bounced zap

Illustrated notes

Levels and vault maps discovered:
D:1:      dpeg_arrival_simpleton_a, layout_loops_ring,
          hellmonk_ecumenical_altar_leap_of_faith, nrook_uturn

Skill      XL: |  1  2 |
---------------+-------+-----
Conjurations   | 2 |  2.0
Fighting       | |  0.2
Short Blades   | |  0.1
Dodging        | |  2.3
Stealth        | |  2.1
Spellcasting   | |  2.0
Air Magic      | |  4.2

Action                   || total
-------------------------++-------
Melee: Dagger            ||    14
       Unarmed           ||     3
       Kick              ||     4
       Peck              ||     3
 Cast: Shock             ||     9
 Stab: Sleeping          ||     2
Armor: Robe              ||    12
Dodge: Dodged            ||    21

Table legend: (Time is in decaauts)
 A = Elapsed time spent in this place.
 B = Non-inter-level travel time spent in this place.
 C = Inter-level travel time spent in this place.
 D = Time resting spent in this place.
 E = Time spent auto-exploring this place.
 F = Levels seen in this place.
 G = Mean time per level.
                   A        B        C        D        E       F      G
               +--------+--------+--------+--------+--------+-----+--------+
         Total |    175 |    119 |     56 |      0 |     34 |   1 |  175.0 |
       Dungeon |    175 |    119 |     56 |      0 |     34 |   1 |  175.0 |
               +--------+--------+--------+--------+--------+-----+--------+

Top non-repeatable levels by time:
     D:1: 175 daAuts
